 Dungeon Crawl Stone Soup version 0.18-a0-750-g37044d6 (webtiles) character file.

1724 homeworkjunkie the Shield-Bearer (level 9, -1/75 HPs)
             Began as a Hill Orc Fighter on Dec 12, 2015.
             Slain by a gnoll
             ... wielding a +0 spear
              (4 damage)
             ... in a bailey.
             The game lasted 00:13:36 (5560 turns).

homeworkjunkie the Shield-Bearer (Hill Orc Fighter) Turns: 5560, Time: 00:13:37

Health: -1/75      AC: 16    Str: 22    XL:     9   Next: 4%
Magic:  9/9        EV: 11    Int:  8    God:
Gold:   9          SH: 13    Dex: 13    Spells: 0 memorised, 8 levels left

rFire  . . .     SeeInvis .     a - +0 war axe
rCold  . . .     Clarity  .     t - +0 plate armour
rNeg   . . .     SustAt   .     c - +2 shield
rPois  .         Gourm    +     j - +2 helmet
rElec  .         Spirit   .     (no cloak)
rCorr  .         Dismiss  .     (no gloves)
rMut   .         Stasis   .     (no boots)
MR     .....                    q - amulet of the gourmand
Stlth  ..........               (no ring)
                                l - -2 ring of dexterity (curse)

@: agile, not resistant to hostile enchantments, extremely unstealthy
A: no striking features
a: no special abilities


You were in a bailey.
You were very full.

You visited 1 branch of the dungeon, and saw 8 of its levels.
You also visited: Sewer and Bailey.

You collected 9 gold pieces.

Inventory:

Hand Weapons
 a - a +0 war axe (weapon)
Armour
 c - a +2 shield (worn)
 j - a +2 helmet (worn)
 t - a +0 plate armour (worn)
Jewellery
 l - a cursed -2 ring of dexterity (left hand)
 q - an amulet of the gourmand (around neck)
Wands
 u - a wand of fire (0)
Scrolls
 h - a scroll of fear
 o - a scroll of teleportation
 p - 3 scrolls of fog
Potions
 f - a potion of flight
 i - a potion of resistance
 k - 2 potions of cancellation
 r - a potion of agility
 s - a potion of brilliance
Comestibles
 d - a meat ration
 g - a beef jerky


   Skills:
 * Level 6.0 Fighting
 * Level 6.5 Axes
 * Level 6.6 Armour
 + Level 2.5 Dodging
 * Level 3.3 Stealth
 * Level 7.2 Shields


You had 8 spell levels left.
You didn't know any spells.

Dungeon Overview and Level Annotations

Branches:
Dungeon (8/15)
 Temple: D:4-7         Lair: D:8-11

Altars:
Fedhas
Qazlal
Sif Muna

Shops:
D:4 }

Annotations:
D:8 Maurice


Message History

The gnoll is heavily wounded.
You block the gnoll's attack. x2
The gnoll hits you but does no damage. x3
You hit the gnoll.
The gnoll is severely wounded.
You closely miss the gnoll.
The gnoll is heavily wounded.
You closely miss the gnoll.
The gnoll is lightly wounded.
The gnoll hits you but does no damage. x2
The gnoll barely misses you. You block the gnoll's attack.
You hit the gnoll but do no damage.
The gnoll is severely wounded.
You hit the gnoll.
The gnoll is almost dead.
You hit the gnoll but do no damage.
The gnoll is lightly wounded.
The gnoll hits you but does no damage. You block the gnoll's attack.
The gnoll hits you with a spear.
You die...

### ♣∩♣ ♣.♣ ♣♣@♣♣
♣♣ggg♣♣♣♣
♣♣♣♣..g....♣♣
♣♣....)......♣♣♣
♣...............♣
≈≈≈≈≈≈≈...≈≈≈≈≈≈≈♣
≈...............≈≈♣
.................≈♣
.######'''######.≈♣


You could see 4 gnolls.

Vanquished Creatures
  A two-headed ogre (D:8)
  2 sky beasts
  A phantom (D:6)
  2 big kobolds (Sewer)
  2 gnoll sergeants (Bailey)
  2 scorpions (D:8)
  3 crimson imps
  4 hounds
  An orc wizard (D:5)
  2 gnoll shamans (Bailey)
  2 orc priests (D:5)
  A giant frog skeleton (D:5)
  A jelly (D:5)
  2 worker ants
  2 iguanas (D:5)
  A hound skeleton (D:5)
  A worker ant zombie (D:6)
  5 adders
  9 gnolls (Bailey)
  10 river rats (Sewer)
  2 oozes
  4 worms
  9 orcs
  9 ball pythons
  4 giant cockroaches
  6 hobgoblins
  A jackal (D:3)
  19 kobolds
  2 quokkas
  6 bats
  2 giant geckos
  4 giant newts
  8 goblins
  A quokka skeleton (D:5)
  21 rats
152 creatures vanquished.

Notes
Turn   | Place    | Note
--------------------------------------------------------------
     0 | D:1      | homeworkjunkie the Hill Orc Fighter began the quest for the Orb.
     0 | D:1      | Reached XP level 1. HP: 19/19 MP: 1/1
    73 | D:1      | Reached XP level 2. HP: 27/27 MP: 2/2
   482 | D:3      | Reached XP level 3. HP: 33/33 MP: 3/3
   949 | D:2      | Reached skill level 4 in Shields
   949 | D:2      | Reached XP level 4. HP: 32/40 MP: 4/4
   990 | D:2      | Found a blossoming altar of Fedhas.
  1068 | D:2      | Reached skill level 1 in Stealth
  1953 | D:4      | Reached XP level 5. HP: 43/46 MP: 5/5
  2390 | D:4      | Found a deep blue altar of Sif Muna.
  2480 | D:5      | Entered Level 5 of the Dungeon
  2499 | D:5      | Reached skill level 1 in Dodging
  2521 | D:5      | Reached XP level 6. HP: 16/53 MP: 6/6
  2774 | D:4      | Found Igomar's Gadget Shoppe.
  3142 | D:5      | Reached skill level 5 in Shields
  3178 | D:6      | Found a glowing drain.
  3188 | Sewer    | Entered a sewer
  3313 | Sewer    | Reached XP level 7. HP: 55/60 MP: 7/7
  3370 | Sewer    | Reached skill level 5 in Armour
  3405 | Sewer    | Reached skill level 5 in Fighting
  3836 | D:6      | Reached skill level 5 in Axes
  4000 | D:7      | Reached XP level 8. HP: 13/68 MP: 8/8
  4114 | D:7      | Reached skill level 6 in Shields
  4404 | D:5      | You fall through a shaft for 3 floors!
  4452 | D:8      | Found a stormy altar of Qazlal.
  4500 | D:8      | Noticed Maurice
  4501 | D:8      | Noticed a two-headed ogre
  4513 | D:8      | Killed a two-headed ogre
  4890 | D:8      | Found a flagged portal.
  4901 | Bailey   | Entered a bailey
  5155 | Bailey   | Reached skill level 7 in Shields
  5323 | Bailey   | Reached XP level 9. HP: 56/75 MP: 9/9
  5555 | Bailey   | HP: 2/75 [gnoll/spear (3)]
  5560 | Bailey   | Slain by a gnoll

Vault maps used:
D:1:      dpeg_arrival_houses_and_road
D:2:      fedhas_altar_4, first_bread
D:4:      lemuel_crystal_altar, serial_shops, shop,
          nicolae_ru_sacrificial_ziggurat
D:5:      minmay_misc_feat_tiny
D:6:      kennysheep_big_flooded_room, cheibrodos_worm_habitat,
          portal_sewer_entry_a, minivault_19, bloody_trog
D:7:      kennysheep_six_static_rooms, temple_statues
D:8:      lemuel_coloured_pillars_altar, enter_bailey_1,
          hangedman_little_slice_of_home, corexii_corridor_pit,
          nicolae_qazlal_style_of_elements, uniq_maurice
Sewer:    sewer_minmay_treatment
Bailey:   bailey_polearm_gnolls_kennysheep, bailey

Action                   |  1- 3 |  4- 6 |  7- 9 || total
-------------------------+-------+-------+-------++-------
Melee: War axe           |   136 |   188 |   306 ||   630
Evoke: Wand              |       |       |     2 ||     2
  Use: Scroll            |     5 |     7 |     2 ||    14
       Potion            |     1 |     3 |     8 ||    12
 Stab: Invisible         |       |     1 |       ||     1
  Eat: Fruit             |       |     6 |       ||     6
       Pizza             |       |     1 |       ||     1
       Royal jelly       |       |     2 |       ||     2
       Meat ration       |       |       |     1 ||     1
       Bread ration      |       |       |     2 ||     2
